 Dungeon Crawl Stone Soup version 0.20-a0-871-g785f14b (webtiles) character file.

134 FrozenPanda the Skirmisher (level 4, 0/34 HPs)
             Began as a Demonspawn Warper on Mar 14, 2017.
             Succumbed to Jessica's poison
             ... on level 2 of the Dungeon.
             The game lasted 00:07:52 (4280 turns).

FrozenPanda the Skirmisher (Demonspawn Warper)      Turns: 4280, Time: 00:07:53

Health: 0/34       AC:  3    Str: 10 (11) XL:     4   Next: 95%
Magic:  7/7        EV: 12    Int: 15      God:
Gold:   92         SH:  0    Dex: 11 (13) Spells: 8/8 levels left

rFire    . . .     SeeInvis .     - Unarmed
rCold    . . .     Gourm    .   a - +0 leather armour
rNeg     . . .     Faith    .   (no shield)
rPois    .         Spirit   .   (no helmet)
rElec    .         Reflect  .   (no cloak)
rCorr    .         Harm     .   (no gloves)
MR       .....                  (no boots)
Stlth    +.........             (no amulet)
Regen    0.2/turn               (no ring)
MPRegen  0.1/turn               (no ring)

@: lethally poisoned (0 -> -37)
A: hooves 1, powered by death 1
a: no special abilities


You were on level 2 of the Dungeon.
You were not hungry.

You visited 1 branch of the dungeon, and saw 3 of its levels.

You collected 92 gold pieces.

Inventory:

Missiles
 d - 5 tomahawks of dispersal (quivered)
Armour
 a - a +0 leather armour (worn)
Wands
 h - a wand of flame (23/48)
 m - a wand of random effects (28/48)
Scrolls
 c - a scroll of blinking
 e - a scroll of recharging {unknown}
 g - 3 scrolls of teleportation {unknown}
 j - 2 scrolls of remove curse {unknown}
 n - 2 scrolls of identify {unknown}
 p - a scroll of noise {unknown}
Potions
 i - a potion of brilliance
Books
 b - a book of Spatial Translocations

   Spells                             Type                      Level
   a - Blink                          Translocation                2
   b - Shroud of Golubria             Charms/Translocation         2
   c - Lesser Beckoning               Translocation                3
   d - Gell's Gravitas                Translocation                3
   e - Teleport Other                 Translocation                3
   f - Passage of Golubria            Translocation                4
Comestibles
 f - 3 bread rations
 k - a chunk of flesh


   Skills:
 + Level 2.9 Fighting
 - Level 0.8 Throwing
 - Level 0.8 Armour
 + Level 2.7 Dodging
 + Level 1.5 Stealth
 + Level 2.7 Unarmed Combat
 + Level 2.5 Spellcasting
   Level 2.6 Translocations


You had 8 spell levels left.
You didn't know any spells.

Dungeon Overview and Level Annotations

Branches:
Dungeon (3/15)

Altars:

Annotations:
D:3 Jessica


Innate Abilities, Weirdness & Mutations

You have large cloven feet.
You regenerate a little health from kills.


Message History

You feel sick. Something hits you but does no damage.
You are more poisoned.
Something hits you.
You are lethally poisoned!
You feel sick. Something hits you.
You are more poisoned.
You feel very sick. Something hits you.
You are more poisoned.
You feel very sick.
You hear some strange, mumbled words.
Pain shoots through your body!
* * * LOW HITPOINT WARNING * * *
* * * LOW HITPOINT WARNING * * *
You feel very sick.
* * * LOW HITPOINT WARNING * * *
You feel very sick. Pain shoots through your body!
* * * LOW HITPOINT WARNING * * *
You die...

###### #.)..# #############
#.##.###### #...........#
#####.##......####...........####
................@......>.....#...
##.##########.####...........#.##
#.#........#.# #.......)...#)##
##.#.######.#.####...........#.#<
...#.# #.#...........)....#.#)
####.# ####.#####............#.#.
...#.# #........(............#.#.
##.#.###.##.##########..######.#.
...................# #...(...#.##


There were no monsters in sight!

Vanquished Creatures
  Robin (D:2)
  2 adders (D:2)
  A worm (D:2)
  2 dart slugs
  3 leopard geckos
  A ball python (D:1)
  6 bats
  4 giant cockroaches (D:1)
  23 goblins
  11 hobgoblins
  8 jackals (D:2)
  3 quokkas
  3 frilled lizards
  10 kobolds
  6 rats
84 creatures vanquished.

Notes
Turn   | Place    | Note
-------+----------+-------------------------------------------
     0 | D:1      | FrozenPanda the Demonspawn Warper began the quest for the Orb.
     0 | D:1      | Reached XP level 1. HP: 16/16 MP: 3/3
   608 | D:1      | Gained mutation: You have large cloven feet. [demonic ancestry]
   608 | D:1      | Reached XP level 2. HP: 7/22 MP: 5/5
  1335 | D:1      | Gained mutation: You regenerate a little health from kills. [demonic ancestry]
  1335 | D:1      | Reached XP level 3. HP: 26/27 MP: 6/6
  1780 | D:1      | Reached skill level 1 in Stealth
  2402 | D:2      | Reached XP level 4. HP: 33/34 MP: 7/7
  2510 | D:2      | Noticed Robin
  3146 | D:2      | Killed Robin
  3876 | D:3      | Noticed Jessica
  4280 | D:2      | Succumbed to Jessica's poison

Vault maps used:
D:1:      minmay_arrival_wavy_path, nrook_mini_vaults, minivault_19,
          minmay_misc_feat_pillars, kennysheep_small_spiral
D:2:      uniq_robin
D:3:      lemuel_coloured_pillars_altar, uniq_jessica

Skill      XL: |  1  2  3 |
---------------+----------+-----
Unarmed Combat | 2 |  2.7
Dodging        | 2 |  2.7
Stealth        | 1 |  1.5
Fighting       | |  2.9
Throwing       | |  0.8
Armour         | |  0.8
Spellcasting   | |  2.5
Translocations | |  2.6

Action                   |  1- 3 |  4- 6 || total
-------------------------+-------+-------++-------
Melee: Unarmed           |   237 |   218 ||   455
       Kick              |    31 |    41 ||    72
       Punch             |     2 |     2 ||     4
Evoke: Wand              |       |     2 ||     2
  Use: Potion            |     3 |     3 ||     6
 Stab: Sleeping          |     1 |       ||     1
  Eat: Chunk             |     5 |     6 ||    11
Armor: Leather armour    |    87 |    37 ||   124
       Skin              |     5 |       ||     5
Dodge: Dodged            |   186 |   109 ||   295
